 Dungeon Crawl Stone Soup version 0.30-a0-223-gcb0039aa0c (webtiles) character file.

Game seed: 10915502952228214492

142 qw the Chopper (level 5, -5/32 HPs)
             Began as a Gargoyle Fighter on Oct 9, 2022.
             Slain by Pikel
             ... wielding a +2 whip of flaming
              (9 damage)
             ... on level 4 of the Dungeon.
             The game lasted 00:00:48 (2360 turns).

qw the Chopper (Gargoyle Fighter)                   Turns: 2360, Time: 00:00:49

Health: -5/32      AC: 10    Str: 22    XL:     5   Next: 24%
Magic:  5/5        EV:  9    Int:  8    God:
Gold:   92         SH:  0    Dex:  9    Spells: 4/4 levels left

rFire   . . .      SeeInvis .    Y - +0 war axe
rCold   . . .      Faith    .    c - +0 buckler
rNeg    + . .      Spirit   .    b - +0 scale mail
rPois   inf        Reflect  +    (no helmet)
rElec   +          Harm     .    (no cloak)
rCorr   .          Rampage  .    (no gloves)
Will    .....                    (no boots)
Stlth   ..........               a - amulet of reflection
HPRegen 0.25/turn                (no ring)
MPRegen 0.09/turn                (no ring)

@: confused
A: sickness immunity, AC +4, negative energy resistance 1, electricity
resistance, torment resistance 1, petrification resistance
a: no special abilities


You were on level 4 of the Dungeon.
You visited 1 branch of the dungeon, and saw 4 of its levels.

You collected 92 gold pieces.


Innate Abilities, Weirdness & Mutations

You are immune to sickness and miasma.
Your stone body is resilient. (AC +4)
You are immune to poison.
You resist negative energy. (rN+)
You are resistant to electric shocks. (rElec)
You are resistant to unholy torment.
You are immune to petrification.


   Skills:
 - Level 3.2 Fighting
 + Level 4.8 Axes
 - Level 3.2 Armour
 - Level 3.2 Shields


You had 4 spell levels left.
You didn't know any spells.
Your spell library was empty.

Inventory:

Hand Weapons
 e - a +0 whip
 Y - a +0 war axe (weapon)
Missiles
 k - 2 boomerangs (quivered)
Armour
 b - a +0 scale mail (worn)
 c - a +0 buckler (worn)
Jewellery
 a - an amulet of reflection (around neck)
Scrolls
 i - a scroll of identify
Potions
 d - a potion of might
 g - a potion of ambrosia {unknown}
 j - 2 potions of attraction

Dungeon Overview and Level Annotations

Branches:
Dungeon (4/15)
 Temple: D:4-7

Altars:
Cheibriados

Annotations:
D:4 Pikel


Message History

You barely miss the lemure.
The lemure is almost dead.
You hit the lemure. You hit Pikel but do no damage.
You closely miss the lemure. You block the lemure's attack.
The lemure hits you but does no damage.
Pikel zaps a wand.
Your will is overpowered!
You are confused.
The lemure barely misses you.
2355 ||| DRINKING potion of curing.
You feel better.
2355 ||| (to cure confusion)
You block Pikel's attack.
The lemure hits you but does no damage. x3
You slash the lemure!
You kill the lemure!
That felt strangely unrewarding.
You hit Pikel but do no damage. You hit the lemure. x2
Pikel hits you with a +2 whip of flaming!
Pikel burns you. You block the lemure's attack. The lemure hits you.
Pikel zaps a wand.
Your will is overpowered!
You are confused.
The lemure closely misses you. x2
You closely miss the lemure.
The lemure is heavily wounded.
You hit Pikel but do no damage. You barely miss the lemure.
Pikel barely misses you. The lemure hits you but does no damage.
The lemure barely misses you.
You closely miss the lemure.
The lemure is heavily wounded.
You closely miss Pikel. You hit the lemure.
The lemure hits you but does no damage. The lemure hits you.
Pikel hits you but does no damage.
You closely miss the lemure.
The lemure is heavily wounded.
You barely miss Pikel. You hit the lemure. Pikel hits you but does no damage.
The lemure hits you! The lemure hits you.
Pikel zaps a wand.
You resist with some effort.
The lemure hits you but does no damage. x2
You closely miss the lemure.
The lemure is heavily wounded.
You miss the lemure. You miss Pikel.
Pikel hits you with a +2 whip of flaming!
You die...

#......#
##......#
#.......#
######.......#
.............#
##...........##
#.......5K5...##
.......?.@.....#
...............#
...............#
...............#
...............#
#........<#######
#......#..# #>##
#.....##..# .!8
...##. ##.# ..


You could see Pikel and 2 lemures.

Vanquished Creatures
  2 lemures (D:4)
  A phantom (D:4)
  An adder (D:2)
  A worm (D:2)
  2 dart slugs
  5 orcs
  4 endoplasms
  2 giant cockroaches
  4 goblins
  3 hobgoblins
  4 kobolds
  3 quokkas
  7 ball pythons
  5 bats
  2 frilled lizards
  5 rats
51 creatures vanquished.

Notes
Turn   | Place    | Note
-------+----------+-------------------------------------------
     0 | D:1      | qw the Gargoyle Fighter began the quest for the Orb.
     0 | D:1      | Reached XP level 1. HP: 14/14 MP: 1/1
     0 | D:1      | 0 ||| qw: Version: 0.2-a-17-g06abaee
     0 | D:1      | 0 ||| qw: Game counter: 2117
     0 | D:1      | 0 ||| qw: Always use a shield: true
     0 | D:1      | 0 ||| qw: God list: Okawaru
     0 | D:1      | 0 ||| qw: Allow faded altars: false
     0 | D:1      | 0 ||| qw: Do Orc after D:15 true
     0 | D:1      | 0 ||| qw: Do second Lair branch before Depths: true
     0 | D:1      | 0 ||| qw: Lair rune preference: random
     0 | D:1      | 0 ||| qw: Plans: Normal, Zot:1-4, God:TSO, Crypt, Tomb,
                  | Pan, Slime:5, Hells, Abyss, Orb
     0 | D:1      | 0 ||| PLANNING D:1-11
    43 | D:1      | Reached skill level 2 in Axes
    55 | D:1      | 55 ||| Stepping ~*~*~tactically~*~*~ (stealth).
   139 | D:1      | Found a faded altar of an unknown god.
   186 | D:1      | Reached XP level 2. HP: 18/19 MP: 2/2
   787 | D:1      | 787 ||| READING scroll labelled GAVEGE LEIL.
   842 | D:2      | 842 ||| Stepping ~*~*~tactically~*~*~ (hiding).
   910 | D:2      | Reached skill level 3 in Axes
   912 | D:2      | 912 ||| FLEEEEING.
   928 | D:2      | Reached XP level 3. HP: 18/23 MP: 3/3
  1784 | D:2      | 1784 ||| READING scroll labelled JAELEY GYHAW.
  1785 | D:2      | 1785 ||| READING scroll labelled AMUPTU FAXZE.
  1786 | D:2      | 1786 ||| DRINKING 3 puce potions.
  1815 | D:3      | 1815 ||| STAIRDANCE
  1899 | D:3      | Found a snail-covered altar of Cheibriados.
  1969 | D:3      | 1969 ||| Stepping ~*~*~tactically~*~*~ (stealth).
  1977 | D:3      | Reached XP level 4. HP: 25/28 MP: 4/4
  2224 | D:3      | 2224 ||| UPGRADING to amulet of reflection.
  2229 | D:3      | 2229 ||| DRINKING 3 brown potions.
  2230 | D:3      | 2230 ||| READING 2 scrolls of identify.
  2230 | D:3      | 2230 ||| IDENTIFYING white potion
  2231 | D:3      | 2231 ||| DROPPING potion of magic.
  2234 | D:4      | Noticed a lemure
  2234 | D:4      | Noticed a phantom
  2235 | D:4      | 2235 ||| STAIRDANCE
  2246 | D:4      | Killed a phantom
  2247 | D:4      | Reached skill level 4 in Axes
  2247 | D:4      | Reached XP level 5. HP: 13/32 MP: 5/5
  2255 | D:4      | Killed a lemure
  2256 | D:4      | 2256 ||| STAIRDANCE
  2345 | D:4      | Noticed Pikel
  2345 | D:4      | Noticed a lemure
  2346 | D:4      | Noticed a lemure
  2346 | D:4      | Noticed a lemure
  2350 | D:4      | 2350 ||| DRINKING 2 potions of curing.
  2350 | D:4      | 2350 ||| (to cure confusion)
  2355 | D:4      | 2355 ||| DRINKING potion of curing.
  2355 | D:4      | 2355 ||| (to cure confusion)
  2356 | D:4      | Killed a lemure
  2359 | D:4      | HP: 7/32 [lemure[Pikel] (8)]
  2360 | D:4      | Slain by Pikel

Levels and vault maps discovered:
D:1:      heliophobic_arrival_glass_houses, layout_loops_ring,
          shapermc_ecumenical_altar_totnotflames
D:2:      layout_loops_corners, minivault_24
D:3:      layout_rooms, old_standard_altar
D:4:      layout_rooms, nicolae_overflow_hidden_temple,
          mainiacjoe_overflow_six_doors_small, minmay_temple_entry_from_below_a,
          serial_shops, shop_statue, uniq_pikel, uniq_grinder, uniq_eustachio

Skill      XL: |  1  2  3  4 |
---------------+-------------+-----
Axes           | 2 3 4 |  4.8
Fighting       | |  3.2
Armour         | |  3.2
Shields        | |  3.2

Action                   |  1- 3 |  4- 6 || total
-------------------------+-------+-------++-------
Melee: War axe           |   118 |    40 ||   158
Throw: Boomerang         |    10 |     6 ||    16
  Use: Scroll            |     3 |     1 ||     4
       Potion            |     1 |     3 ||     4
Armor: Scale mail        |    60 |    27 ||    87
Dodge: Dodged            |    50 |    19 ||    69
Block: Buckler           |    20 |    23 ||    43

Table legend:
 A = Non-vault XP
 B = Vault XP
 C = Vault XP percentage of total XP
 D = Non-vault monster count
 E = Vault monster count
 F = Vault count percentage of total count
                 A         B        C        D         E       F
            +---------+---------+-------+---------+---------+-------
      Total |     203 |       0 |   0.0 |      49 |       0 |   0.0
            +---------+---------+-------+---------+---------+-------
        D:1 |      24 |       0 |   0.0 |      15 |       0 |   0.0
        D:2 |      42 |       0 |   0.0 |      17 |       0 |   0.0
        D:3 |      31 |       0 |   0.0 |      15 |       0 |   0.0
        D:4 |     106 |       0 |   0.0 |       2 |       0 |   0.0
            +---------+---------+-------+---------+---------+-------
